Map: Ulrena

Players

ToP

  • Race: Terran Terran
  • League: Master

TheZergLord - Winner!

  • Race: Zerg Zerg
  • League: Master

VOD

Have the link to the VOD?

Description

Time

  • Played on: May 25, 2016, 2 p.m.
  • Length: 4:04
Show
View Real Time Build Order
Export as new Build Order

ToP Terran 

Build Orders: Reaper Expand 

Get SALT Encoding   

  12  0:01  SCV  
  13  0:13  SCV  
  14  0:18  Supply Depot  
  14  0:26  SCV  
  15  0:39  SCV  
  15  0:41  Barracks  
  16  0:45  Refinery  
  16  0:52  SCV  
  17  1:04  SCV  
  18  1:16  SCV  
  19  1:29  Reaper  
  19  1:30  Orbital Command  
  20  1:46  Command Center  
  20  1:56  SCV  
  21  2:02  Marine  
  21  2:08  SCV, Supply Depot  
  23  2:16  Barracks  
  23  2:24  Barracks Reactor  
  23  2:29  SCV  
  24  2:34  Factory  
  24  2:41  SCV  
  25  2:53  SCV  
  26  3:02  Orbital Command, Bunker  
  26  3:03  Marine x2  
  26  3:05  SCV, Barracks Tech Lab  
  28  3:08  Refinery  
  29  3:20  SCV, Factory Tech Lab  
  29  3:24  Marine x2  
  29  3:25  Marauder  
  34  3:29  SCV  
  34  3:32  SCV  
Show
View Real Time Build Order
Export as new Build Order

TheZergLord Zerg - Winner!

Build Orders: Pool First 

Get SALT Encoding   

  12  0:01  Drone  
  13  0:12  Overlord  
  13  0:17  Drone  
  14  0:31  Drone x2  
  14  0:34  Drone  
  17  0:43  Extractor  
  17  0:45  Drone  
  17  0:52  Spawning Pool  
  17  0:56  Drone  
  17  1:08  Drone  
  18  1:22  Hatchery  
  17  1:29  Drone  
  17  1:30  Drone  
  19  1:41  Queen  
  19  1:45  Zergling x2  
  22  1:52  Metabolic Boost  
  22  1:59  Overlord  
  22  2:10  Roach Warren  
  22  2:12  Drone  
  22  2:24  Overlord  
  22  2:51  Roach  
  22  2:52  Roach x5  
  34  2:59  Roach  
  34  3:01  Roach  
  38  3:07  Overlord  
  38  3:11  Zergling x2  
  39  3:26  Zergling x8  
  43  3:32  Overlord  
  43  3:35  Zergling x2  
  43  3:47  Ravager  
Tags
 
Add a new tag
Caveats
  • Supply blocks, unpowered buildings, or Contaminate may cause inaccurate times.
  • Supply counts are checked every 10 seconds.